Map: Newkirk Precinct TE (Void)

Players

Zest

  • Race: Protoss Protoss
  • Spawn Location: 7:00

TYTY (TY) - Winner!

  • Race: Terran Terran
  • Spawn Location: 5:00

Event: IEM XI Katowice - World Championship 2017

VOD

Have the link to the VOD?

Description

Time

  • Played on: March 4, 2017, 6:08 a.m.
  • Length: 13:26

All games in this series

Show
View Real Time Build Order
Export as new Build Order

Zest Protoss 

Build Orders: 1 Gate Expand, Oracle Opening, Phoenix Opening 

Get SALT Encoding   

  12  0:00  Probe (Chrono Boost)  
  13  0:11  Probe (Chrono Boost)  
  14  0:18  Pylon  
  14  0:22  Probe (Chrono Boost)  
  15  0:36  Probe (Chrono Boost), Gateway  
  15  0:42  Assimilator  
  16  0:47  Probe (Chrono Boost)  
  17  0:57  Probe (Chrono Boost)  
  18  1:08  Probe (Chrono Boost)  
  19  1:19  Nexus  
  19  1:29  Cybernetics Core  
  19  1:32  Probe (Chrono Boost)  
  20  1:37  Assimilator  
  20  1:42  Probe (Chrono Boost)  
  21  1:47  Pylon  
  21  1:53  Probe (Chrono Boost)  
  22  2:06  Mothership Core (Chrono Boost)  
  22  2:07  Warp Gate  
  24  2:11  Adept  
  26  2:24  Probe (Chrono Boost)  
  27  2:31  Probe (Chrono Boost)  
  27  2:35  Probe (Chrono Boost)  
  29  2:40  Stargate  
  29  2:41  Probe (Chrono Boost)  
  30  2:44  Adept  
  30  2:45  Probe (Chrono Boost)  
  33  2:52  Probe (Chrono Boost)  
  33  2:56  Probe (Chrono Boost)  
  35  3:02  Probe (Chrono Boost)  
  36  3:06  Probe (Chrono Boost)  
  37  3:13  Probe (Chrono Boost)  
  37  3:17  Probe (Chrono Boost)  
  39  3:22  Oracle  
  39  3:23  Probe (Chrono Boost)  
  39  3:26  Nexus  
  40  3:31  Probe (Chrono Boost)  
  44  3:35  Probe (Chrono Boost)  
  45  3:43  Pylon, Probe (Chrono Boost)  
  45  3:48  Pylon  
  46  3:58  Phoenix  
  46  4:02  Probe (Chrono Boost)  
  49  4:06  Gateway  
  49  4:07  Gateway  
  49  4:08  Assimilator  
  49  4:09  Probe (Chrono Boost)  
  50  4:12  Probe (Chrono Boost)  
  51  4:20  Phoenix  
  51  4:22  Probe (Chrono Boost)  
  51  4:23  Probe (Chrono Boost)  
  55  4:28  Twilight Council  
  55  4:30  Forge  
  55  4:34  Probe x2 (Chrono Boost)  
  55  4:38  Probe (Chrono Boost)  
  58  4:41  Phoenix  
  58  4:44  Probe (Chrono Boost)  
  62  4:46  Probe (Chrono Boost)  
  62  4:49  Probe (Chrono Boost)  
  62  4:51  Protoss Ground Weapons Level 1  
  62  4:52  Resonating Glaives  
  63  4:54  Gateway  
  63  4:56  Probe (Chrono Boost)  
  63  4:58  Probe (Chrono Boost)  
  66  5:00  Probe (Chrono Boost)  
  66  5:04  Phoenix  
  66  5:11  Probe x2 (Chrono Boost)  
  66  5:12  Probe (Chrono Boost)  
  71  5:15  Gateway  
  71  5:17  Gateway  
  71  5:19  Gateway  
  71  5:25  Phoenix  
  71  5:31  Pylon  
  71  5:33  Gateway  
  71  5:34  Pylon  
  73  5:38  Pylon, Probe x2 (Chrono Boost)  
  73  5:40  Probe (Chrono Boost)  
  76  5:43  Pylon  
  76  5:47  Phoenix  
  80  5:58  Probe x2 (Chrono Boost)  
  80  6:04  Pylon  
  80  6:05  Pylon  
  80  6:07  Adept x4  
  80  6:09  Phoenix  
  80  6:10  Pylon, Probe x3 (Chrono Boost)  
  93  6:18  Pylon  
  93  6:31  Adept  
  93  6:32  Adept x7  
  109  6:36  Phoenix  
  105  6:59  Adept x3  
  105  7:00  Adept x5  
  119  7:13  Probe x2 (Chrono Boost)  
  119  7:14  Probe (Chrono Boost)  
  122  7:17  Pylon  
  122  7:25  Probe (Chrono Boost)  
  122  7:26  Protoss Ground Armor Level 1, Probe (Chrono Boost)  
  121  7:36  Probe (Chrono Boost)  
  123  7:38  Assimilator, Probe (Chrono Boost)  
  123  7:39  Assimilator, Phoenix  
  125  7:46  Pylon, Probe (Chrono Boost)  
  125  7:48  Adept x5, Probe (Chrono Boost)  
  137  7:56  Pylon  
  135  8:02  Pylon  
  135  8:04  Pylon  
  120  8:14  Adept x7  
  134  8:21  Adept  
  104  8:37  Adept x7  
  110  8:45  Photon Cannon  
  110  8:50  Adept  
  112  8:59  Adept x7  
  106  9:14  Phoenix  
  106  9:15  Adept  
  94  9:23  Adept x4  
  102  9:25  Photon Cannon  
  102  9:26  Photon Cannon  
  102  9:32  Assimilator  
  102  9:33  Probe x2 (Chrono Boost)  
  99  9:40  Phoenix  
  99  9:43  Probe (Chrono Boost)  
  102  9:56  Probe x2 (Chrono Boost)  
  101  10:00  Adept, Robotics Facility  
  101  10:01  Adept x7  
  101  10:04  Phoenix  
  117  10:13  Photon Cannon  
  118  10:22  Adept x8  
  118  10:26  Phoenix  
  118  10:28  Pylon  
  106  10:54  Adept x8  
  106  10:56  Phoenix  
  110  11:02  Observer  
  113  11:17  Phoenix  
  112  11:19  Adept x5  
  122  11:29  Protoss Air Weapons Level 1  
  122  11:32  Adept x3  
  116  11:39  Phoenix  
  122  11:57  Adept x5  
  132  12:03  Observer  
  133  12:10  Phoenix  
  133  12:11  Adept x3  
  141  12:31  Nexus  
  141  12:32  Pylon  
  141  12:33  Phoenix  
  142  12:59  Adept x5  
  142  13:03  Observer  
  153  13:06  Adept  
  153  13:07  Adept  
Show
View Real Time Build Order
Export as new Build Order

TYTY Terran - Winner!

Build Orders: Reaper Expand, MMM Bio 

Get SALT Encoding   

  12  0:00  SCV  
  13  0:12  SCV  
  14  0:17  Supply Depot  
  14  0:24  SCV  
  15  0:29  Refinery  
  15  0:39  SCV  
  16  0:45  Barracks  
  16  0:51  SCV  
  17  1:03  SCV  
  18  1:15  SCV  
  19  1:32  Reaper  
  21  1:33  Orbital Command  
  20  1:47  Command Center  
  20  1:58  Factory  
  20  2:02  SCV  
  20  2:06  Barracks Reactor  
  21  2:13  Supply Depot  
  21  2:15  SCV  
  21  2:21  Refinery  
  22  2:27  SCV  
  23  2:40  SCV  
  23  2:43  Starport  
  23  2:44  Marine x2  
  24  2:50  Factory Tech Lab  
  26  2:52  SCV  
  27  3:00  Orbital Command  
  27  3:04  Marine x2  
  29  3:09  SCV  
  30  3:21  SCV  
  30  3:22  Marine x2  
  30  3:26  Raven  
  36  3:27  SCV  
  36  3:33  SCV  
  37  3:38  Factory Tech Lab  
  37  3:39  Supply Depot, SCV  
  37  3:40  Marine  
  39  3:41  Marine  
  39  3:46  SCV  
  41  3:51  SCV  
  42  3:57  Barracks  
  42  3:58  SCV  
  46  4:03  Refinery, SCV  
  46  4:04  Marine  
  46  4:05  Marine  
  49  4:10  SCV  
  46  4:18  SCV  
  46  4:22  SCV, Barracks  
  46  4:23  Marine x2  
  50  4:27  Viking  
  50  4:30  Supply Depot, SCV  
  52  4:35  SCV  
  53  4:40  Engineering Bay  
  53  4:42  SCV, Factory Reactor  
  54  4:49  Stimpack  
  54  4:51  SCV  
  55  4:53  Supply Depot x2, Marine  
  55  4:54  SCV  
  55  4:59  Starport Reactor  
  57  5:00  Marine  
  57  5:04  SCV  
  57  5:06  SCV  
  61  5:07  Terran Infantry Weapons Level 1  
  61  5:11  Marine  
  61  5:12  Supply Depot  
  61  5:13  Marine  
  62  5:14  Marine  
  63  5:21  Widow Mine x2  
  63  5:23  Supply Depot  
  63  5:24  Marine  
  67  5:29  Marine  
  67  5:35  Combat Shields, Medivac x2  
  74  5:37  Marine x2  
  74  5:40  Refinery  
  74  5:44  Marine  
  74  5:45  Missile Turret  
  74  5:47  Liberator  
  75  5:50  Liberator, Widow Mine x2  
  78  6:02  Marine x4  
  81  6:08  Supply Depot  
  81  6:09  Supply Depot, SCV x2  
  89  6:16  Supply Depot  
  89  6:19  Marine  
  89  6:20  Marine  
  89  6:21  SCV  
  89  6:22  SCV  
  93  6:29  Widow Mine x2  
  93  6:30  Liberator, Marine  
  93  6:31  Supply Depot  
  99  6:38  Liberator  
  98  6:40  Supply Depot  
  98  6:42  Marine, Marauder x2  
  102  6:47  SCV x2  
  102  6:48  Marine  
  108  6:59  Marine  
  112  7:08  Terran Infantry Armor Level 1, Widow Mine  
  114  7:09  Widow Mine  
  114  7:11  Marine, Marauder  
  114  7:12  Marauder  
  114  7:13  Supply Depot  
  119  7:17  SCV x2  
  119  7:21  Marine  
  122  7:29  Marine  
  123  7:36  Marauder x2, Medivac  
  129  7:38  Medivac  
  129  7:39  Widow Mine x2  
  129  7:43  SCV x2  
  135  7:49  Liberator, Marine x2  
  137  7:57  Marine x2  
  130  8:07  Marine x2  
  130  8:08  Medivac  
  130  8:15  Marine x2, Missile Turret  
  132  8:26  Marine x2  
  134  8:33  Marine x2  
  108  8:38  Medivac  
  108  8:39  Widow Mine x2, Command Center  
  104  8:45  Barracks  
  104  8:47  Barracks  
  102  8:49  Medivac  
  102  8:54  Marine x2  
  100  9:06  Marine x2  
  100  9:08  SCV x2  
  93  9:14  Armory  
  93  9:15  Widow Mine, Engineering Bay  
  93  9:16  Marine x2, Widow Mine, Medivac  
  98  9:20  SCV  
  98  9:21  SCV  
  100  9:25  Marauder  
  100  9:32  Medivac  
  100  9:33  Marine  
  100  9:34  Marine  
  106  9:41  Barracks Tech Lab  
  106  9:42  Barracks Reactor  
  106  9:45  Marine  
  103  9:46  Marine  
  110  9:53  Marine x2  
  110  10:03  SCV x2  
  110  10:04  Armory  
  110  10:05  Engineering Bay  
  110  10:09  Terran Infantry Weapons Level 2  
  110  10:10  Marine x2  
  106  10:14  Liberator  
  106  10:16  Missile Turret  
  106  10:19  Terran Infantry Armor Level 2  
  106  10:22  Orbital Command  
  106  10:24  Missile Turret  
  106  10:25  Marine  
  106  10:26  Marine x4  
  111  10:33  SCV x2  
  116  10:37  Marine x2  
  115  10:43  Marine x2  
  115  10:46  Marine x3  
  105  10:51  SCV x2  
  105  10:54  Liberator  
  105  10:55  Marine x2  
  105  10:56  Concussive Shells  
  108  10:57  Liberator, SCV  
  108  11:01  Marine x2  
  108  11:04  Marine  
  112  11:05  Missile Turret  
  112  11:08  Marauder x2  
  119  11:14  Marine x2  
  123  11:26  Marine x2  
  123  11:28  Marine  
  123  11:30  Marauder x2  
  123  11:32  Marine, Marauder  
  130  11:35  Command Center  
  130  11:36  SCV x2  
  130  11:37  Barracks x2  
  130  11:39  SCV  
  131  11:40  Ghost Academy  
  131  11:42  Factory Tech Lab  
  131  11:43  Marine x2  
  133  11:52  Marine x2  
  135  11:58  Marine, Refinery  
  135  12:00  Refinery  
  142  12:14  Ghost  
  142  12:15  Marine x2, Ghost x2  
  137  12:16  Marine x2  
  137  12:20  SCV x2  
  146  12:24  Viking x2  
  146  12:26  Marine x2  
  146  12:28  Barracks Tech Lab  
  151  12:40  Marine x2  
  151  12:41  Marine x2  
  155  12:46  Marine  
  155  12:47  Marine, Marauder x3  
  163  12:57  Marine  
  162  12:58  Marine x3  

Tags
 
Add a new tag
Caveats
  • Supply blocks, unpowered buildings, or Contaminate may cause inaccurate times.
  • Supply counts are checked every 10 seconds.